 Dungeon Crawl Stone Soup version 0.29-a0-512-gf59ac78 (webtiles) character file.

Game seed: 10537924565990318442

31 lyrin the Sneak (level 3, 0/29 HPs)
             Began as a Mummy Delver on May 29, 2022.
             Slain by a quokka (4 damage)
             ... on level 3 of the Dungeon.
             The game lasted 00:01:38 (682 turns).

lyrin the Sneak (Mummy Delver)                       Turns: 682, Time: 00:01:39

Health: 0/29       AC:  3    Str: 15    XL:     3   Next: 7%
Magic:  3/3        EV: 11    Int: 11    God:
Gold:   16         SH:  0    Dex: 13    Spells: 2/2 levels left

rFire   x . .      SeeInvis .   a - +0 mace
rCold   + . .      Faith    .   (no shield)
rNeg    + + +      Spirit   .   b - +0 leather armour
rPois   ∞          Reflect  .   (no helmet)
rElec   .          Harm     .   (no cloak)
rCorr   .          Rampage  .   (no gloves)
Will    .....                   (no boots)
Stlth   ++........              (no amulet)
HPRegen 0.09/turn               (no ring)
MPRegen 0.08/turn               (no ring)

@: no status effects
A: cold resistance 1, negative energy resistance 3, torment resistance 2, heat
vulnerability 1, in touch with death 1, no potions
a: no special abilities


You were on level 3 of the Dungeon.
You visited 1 branch of the dungeon, and saw 3 of its levels.

You collected 16 gold pieces.

Inventory:

Hand Weapons
 a - a +0 mace (weapon)
Armour
 b - a +0 leather armour (worn)
Wands
 f - a wand of digging (3)
Scrolls
 c - a scroll of fog
 d - a scroll of magic mapping
 e - a scroll of fear
 g - a scroll of amnesia {unknown}


   Skills:
 + Level 3.2 Fighting
 + Level 1.8 Maces & Flails
 + Level 0.4 Armour
 + Level 1.8 Dodging
 - Level 4.5 Stealth


You had 2 spell levels left.
You didn't know any spells.
Your spell library was empty.

Dungeon Overview and Level Annotations

Branches:
Dungeon (5/15)
 Temple: D:4-7

Altars:

Portals:
Sewer: D:3


Innate Abilities, Weirdness & Mutations

You are immune to poison.
Your flesh is cold resistant. (rC+)
You are immune to negative energy. (rN+++)
You are immune to unholy pain and torment.
You are vulnerable to heat. (rF-)
You are in touch with the powers of death.
You do not drink.


Message History

The quokka attacks as you move away! The quokka bites you.
The quokka bites you but does no damage.
The quokka closely misses you.
You see here a +0 mace.
You closely miss the quokka.
The quokka is moderately wounded.
The quokka bites you. The quokka barely misses you.
You barely miss the quokka.
The quokka is moderately wounded.
The quokka bites you but does no damage. x3
The quokka bites you.
You barely miss the quokka.
The quokka is moderately wounded.
The quokka closely misses you. The quokka barely misses you.
You closely miss the quokka.
The quokka is moderately wounded.
The quokka bites you.
The quokka bites you but does no damage.
The quokka misses you. The quokka bites you.
You enter the shallow water.
Moving in this stuff is going to be slow.
The quokka attacks as you move away! The quokka barely misses you.
The quokka splashes around in the water.
The quokka bites you. The quokka attacks as you move away!
The quokka bites you.
* * * LOW HITPOINT WARNING * * *
Unknown command.
You enter the shallow water.
Moving in this stuff is going to be slow.
The quokka bites you.
* * * LOW HITPOINT WARNING * * *
You hear the brisk rusting of a drain very nearby.
The quokka attacks as you move away! The quokka barely misses you.
You barely miss the quokka. The quokka closely misses you.
The quokka bites you.
* * * LOW HITPOINT WARNING * * *
You hit the quokka.
The quokka is moderately wounded.
The quokka bites you.
You die...

#>#.# ....# ....#
.#..##############
.......÷.........#
##.#############.#
##.# #.# ...# #.#
#### #@# #r# #####
#B## ##...# #r.#
.....# ### ##≈.#
##...# ..###≈.†#
##.## ..≈##≈≈†#
##.#.###
#≈≈≈#≈≈#....#
†)###..#
#≈.≈#≈≈###..#


You could see 2 quokkas and a giant cockroach.

Vanquished Creatures
  An adder (D:4)
  A shadow imp (D:3)
  2 ball pythons (D:4)
  A bat (D:3)
  2 giant cockroaches (D:3)
  A hobgoblin (D:3)
  4 quokkas (D:3)
  A rat (D:3)
13 creatures vanquished.

Notes
Turn   | Place    | Note
-------+----------+-------------------------------------------
     0 | D:5      | lyrin the Mummy Delver began the quest for the Orb.
     0 | D:5      | Reached XP level 1. HP: 18/18 MP: 1/1
     2 | D:5      | Noticed an ice beast
     5 | D:5      | Noticed a howler monkey
    16 | D:4      | Reached XP level 2. HP: 10/24 MP: 2/2
   648 | D:3      | Gained mutation: You are in touch with the powers of death.
                  | [Mummy growth]
   648 | D:3      | Reached XP level 3. HP: 24/29 MP: 3/3
   650 | D:3      | Found a glowing drain.
   682 | D:3      | Slain by a quokka

Illustrated notes

Levels and vault maps discovered:
D:3:      layout_loops_ring, gup_sewer_entry_pipe, basic_ecumenical_altar,
          serial_shops, nicolae_shop_behind_doors, uniq_grinder, uniq_sigmund
D:4:      layout_rooms, general_overflow_altar, minmay_temple_entry_trees,
          chequers_serial_rivers_large_b, minmay_stone_trees_medium,
          minmay_quantized
D:5:      layout_rooms, uniq_ijyb, uniq_prince_ribbit1

Action                   || total
-------------------------++-------
Melee: Mace              ||    50
       Punch             ||     1
  Use: Scroll            ||     1
 Stab: Sleeping          ||     5
Armor: Leather armour    ||    21
Dodge: Dodged            ||    31

Table legend: (Time is in decaauts)
 A = Elapsed time spent in this place.
 B = Non-inter-level travel time spent in this place.
 C = Inter-level travel time spent in this place.
 D = Time resting spent in this place.
 E = Time spent auto-exploring this place.
 F = Levels seen in this place.
 G = Mean time per level.
                   A        B        C        D        E       F      G
               +--------+--------+--------+--------+--------+-----+--------+
         Total |    709 |    709 |      0 |    392 |      0 |   3 |  236.3 |
       Dungeon |    709 |    709 |      0 |    392 |      0 |   3 |  236.3 |
               +--------+--------+--------+--------+--------+-----+--------+

Top non-repeatable levels by time:
     D:3: 511 daAuts
     D:4: 191 daAuts
     D:5: 7 daAuts
